 Dungeon Crawl Stone Soup version 0.31-a0-221-gbddc013574 (webtiles) character file.

Game seed: 13389643047263957471

125 vineage the Trooper (level 5, -3/34 HPs)
             Began as a Gargoyle Fighter on July 4, 2023.
             Slain by a hornet zombie (5 damage)
             ... in an ossuary.
             The game lasted 00:03:17 (1711 turns).

vineage the Trooper (Gargoyle Fighter)              Turns: 1711, Time: 00:03:18

Health: -3/34      AC: 14    Str: 19 (21) XL:     5   Next: 9%
Magic:  5/5        EV:  7    Int:  8 (9)  God:
Gold:   64         SH:  4    Dex:  7 (9)  Spells: 4/4 levels left

rFire   . . .        r - +7 Throatcutter {drain, coup de grace}
rCold   . . .        c - +0 buckler
rNeg    + . .        e - +0 chain mail
rPois   ∞            k - +0 helmet
rElec   +            (no cloak)
rCorr   .            (no gloves)
SInv    .            (no boots)
Will    +....        (no amulet) Stlth
                     o - ring of willpower
HPRegen 0.25/turn    (no ring)
MPRegen 0.09/turn

%: no passive effects
@: mighty
A: sickness immunity, AC +4, negative energy resistance 1, electricity
resistance, torment resistance 1, petrification resistance
a: no special abilities


You were in an ossuary.
You visited 1 branch of the dungeon, and saw 4 of its levels.
You also visited: Ossuary.

You collected 64 gold pieces.

Inventory:

Hand Weapons
 a - a +0 flail
 j - a +2 whip of electrocution
 r - the +7 Throatcutter (weapon) {drain, coup de grace}
   (You found it on level 3 of the Dungeon)
Armour
 c - a +0 buckler (worn)
 e - a +0 chain mail (worn)
 k - a +0 helmet (worn)
Jewellery
 g - an amulet of guardian spirit
 o - a ring of willpower (left hand)
Scrolls
 m - a scroll of butterflies
 p - a scroll of immolation {unknown}
 s - a scroll of blinking {unknown}
Potions
 b - a potion of curing {unknown}
 f - a potion of attraction {unknown}
 h - a potion of magic {unknown}
 i - a potion of degeneration
 l - a potion of mutation {unknown}
 n - 2 potions of ambrosia {unknown}
 q - a potion of heal wounds {unknown}


   Skills:
 + Level 4.8 Fighting
 + Level 3.7 Maces & Flails
 + Level 3.3 Armour
 + Level 3.3 Shields


You had 4 spell levels left.
You didn't know any spells.
Your spell library was empty.

Dungeon Overview and Level Annotations

Branches:
Dungeon (4/15)            Ossuary (1/1)
 Temple: D:4-7

Altars:
Dithmenos
Hepliaklqana
Yredelemnul

Shops:
D:2 ?


Innate Abilities, Weirdness & Mutations

You are immune to sickness and miasma.
Your stone body is resilient. (AC +4)
You are immune to poison.
You resist negative energy. (rN+)
You are resistant to electric shocks. (rElec)
You are resistant to unholy torment.
You are immune to petrification.


Message History

A water moccasin zombie comes into view.
The mummy hits you.
You slash the hornet zombie!
The hornet zombie is severely damaged.
The hornet zombie barely misses you.
The water moccasin zombie barely misses you.
You block the hornet zombie's attack.
A mummy opens the door.
The water moccasin zombie bites you but does no damage.
A centaur zombie comes into view.
You barely miss the mummy. You block the hornet zombie's attack.
The mummy hits you but does no damage.
The water moccasin zombie barely misses you.
The centaur zombie hits you but does no damage.
The centaur zombie kicks you but does no damage.
You block the hornet zombie's attack.
You feel very mighty all of a sudden. The centaur zombie barely misses you.
The centaur zombie closely misses you.
The hornet zombie hits you but does no damage.
The water moccasin zombie bites you but does no damage.
The mummy hits you.
You slash the mummy!
The mummy is severely damaged.
The centaur zombie closely misses you.
The centaur zombie kicks you but does no damage.
The hornet zombie hits you. The water moccasin zombie bites you.
* * * LOW HITPOINT WARNING * * *
The hornet zombie hits you!
* * * LOW HITPOINT WARNING * * *
The centaur zombie barely misses you.
The centaur zombie kicks you but does no damage.
The water moccasin zombie closely misses you.
You block the mummy's attack.
Okay, then.
It was a potion of degeneration.
There was something very wrong with that liquid.
You feel weakened.
You feel dopey.
You feel clumsy.
The centaur zombie hits you but does no damage.
The centaur zombie kicks you but does no damage.
The hornet zombie hits you.
You die...

#+# +..
#.#####
+.#...#
#.'.∩.#
+M#..∩#
#@#####
#.ZZZ.#
###M###
+M#


#ZM 'Z# #.# +.. You could see 4 mummies, a water moccasin zombie, 2 bullfrog
zombies, a hornet zombie and a centaur zombie.

Vanquished Creatures
  Jessica (D:2)
  3 adders
  A worm (D:2)
  6 orcs
  4 ball pythons
  7 bats
  2 endoplasms (D:1)
  5 giant cockroaches
  3 goblins
  2 hobgoblins (D:1)
  2 jackals (D:2)
  5 quokkas
  2 frilled lizards
  11 kobolds
  6 rats
60 creatures vanquished.

Notes
Turn   | Place    | Note
-------+----------+-------------------------------------------
     0 | D:1      | vineage the Gargoyle Fighter began the quest for the Orb.
     0 | D:1      | Reached XP level 1. HP: 14/14 MP: 1/1
   179 | D:1      | Reached XP level 2. HP: 19/19 MP: 2/2
   336 | D:1      | Reached XP level 3. HP: 24/24 MP: 3/3
   408 | D:1      | Reached skill level 4 in Fighting
   736 | D:2      | Noticed Jessica
   738 | D:2      | Reached XP level 4. HP: 30/30 MP: 4/4
   746 | D:2      | Killed Jessica
   754 | D:2      | Found Joub's Magic Scroll Emporium.
  1191 | D:3      | Found a hazy altar of Hepliaklqana.
  1294 | D:3      | Found the +7 Throatcutter {drain, coup de grace}
  1429 | D:3      | Reached XP level 5. HP: 34/34 MP: 5/5
  1573 | D:3      | Found a basalt altar of Yredelemnul.
  1670 | D:4      | Found a shadowy altar of Dithmenos.
  1690 | D:4      | Found a sand-covered staircase.
  1694 | Ossuary  | Entered an ossuary
  1711 | Ossuary  | Slain by a hornet zombie

Illustrated notes

Levels and vault maps discovered:
D:1:      scummos_arrival_simple_fountains, layout_rooms, nrook_uturn
D:2:      layout_basic, serial_shops, nicolae_shop_competitors_out_of_business,
          uniq_jessica
D:3:      layout_rooms, marbit_many_paths, nicolae_hepliaklqana_hazy_memory,
          dilly_guarded_unrand_throatcut
D:4:      kennysheep_spiral_hall, layout_rooms, kennysheep_mini,
          mainiacjoe_overflow_concentric_impassable,
          mainiacjoe_overflow_cross_hatched, led_sif_book, enter_ossuary_5,
          grunt_decor_clamped, minmay_shop_enchanted_jewellery
Ossuary:  ossuary_zaba_flooded

Skill      XL: |  1  2  3 |
---------------+----------+-----
Fighting       | 4 |  4.8
Maces & Flails | 3 |  3.7
Armour         | |  3.3
Shields        | |  3.3

Action                     |  1- 3 |  4- 6 || total
---------------------------+-------+-------++-------
  Melee: Flail             |    46 |       ||    46
         Whip              |    56 |    41 ||    97
         Long sword        |       |    20 ||    20
    Use: Scroll            |     2 |       ||     2
         Potion            |       |     2 ||     2
 Armour: Chain mail        |    70 |    45 ||   115
         Scale mail        |     1 |       ||     1
  Dodge: Dodged            |    52 |    25 ||    77
  Block: Buckler           |    24 |    13 ||    37

Table legend: (Time is in decaauts)
 A = Elapsed time spent in this place.
 B = Non-inter-level travel time spent in this place.
 C = Inter-level travel time spent in this place.
 D = Time resting spent in this place.
 E = Time spent auto-exploring this place.
 F = Levels seen in this place.
 G = Mean time per level.
                   A        B        C        D        E       F      G
               +--------+--------+--------+--------+--------+-----+--------+
         Total |   1728 |   1623 |    105 |      0 |   1210 |   5 |  345.6 |
       Dungeon |   1706 |   1601 |    105 |      0 |   1207 |   4 |  426.5 |
       Ossuary |     21 |     21 |      0 |      0 |      3 |   1 |   21.0 |
               +--------+--------+--------+--------+--------+-----+--------+

Top non-repeatable levels by time:
     D:2: 623 daAuts
     D:1: 518 daAuts
     D:3: 482 daAuts
     D:4: 82 daAuts
 Ossuary: 21 daAuts
